2965 views
Uploaded 2020-03-14 20:08:02
Game version 1.32.2
22:40 long 4on4 ladder game on (8)GolemsInTheMist_LV
Saved by BEARAND
2965 views
Uploaded 2020-03-14 20:08:02
Game version 1.32.2
22:40 long 4on4 ladder game on (8)GolemsInTheMist_LV


93 units @ 9.4k
/ 0.8k
250 buildings @ 18.6k
/ 8.8k



| Lesser Clarity Potion | 2 | 140 |
| Orb of Corruption | 3 | 1125 |
| Staff of Teleportation | 2 | 300 |
| Boots of Speed | 3 | 750 |
| Circlet of Nobility | 3 | 525 |
| Periapt of Vitality | 1 | 325 |
| Healing Salve | 2 | 200 |
| Staff of Sanctuary | 4 | 1000 |
| total: | 20 | 4365g |
| Acolyte | 12 | 900 | / | 0 |
| Ghoul | 4 | 480 | / | 0 |
| Obsidian Statue | 3 | 600 | / | 105 |
| Goblin Zeppelin | 1 | 240 | / | 60 |
| total: | 20 | 2220g | / | 165w |
| Nerubian Tower | 4 | 400 | / | 80 |
| Spirit Tower | 3 | 435 | / | 120 |
| Crypt | 1 | 200 | / | 50 |
| Altar of Darkness | 1 | 180 | / | 50 |
| Ziggurat | 20 | 3000 | / | 1000 |
| Necropolis | 1 | 225 | / | 0 |
| Graveyard | 1 | 215 | / | 0 |
| Tomb of Relics | 3 | 390 | / | 90 |
| Slaughterhouse | 1 | 140 | / | 135 |
| Halls of the Dead | 1 | 320 | / | 210 |
| Black Citadel | 1 | 325 | / | 230 |
| total: | 28 | 4350g | / | 1325w |
| 0:03 | Acolyte |
| 0:07 | Crypt |
| 0:12 | Altar of Darkness |
| 0:19 | Acolyte |
| 0:33 | Ziggurat |
| 1:08 | Ghoul |
| 1:16 | Ghoul |
| 1:26 | Ghoul |
| 1:46 | Ghoul |
| 1:53 | Necropolis |
| 2:10 | Nerubian Tower |
| 2:21 | Death Coil |
| 2:32 | Graveyard |
| 3:45 | Staff of Teleportation |
| 3:45 | Boots of Speed |
| 3:45 | Circlet of Nobility |
| 3:50 | Halls of the Dead |
| 4:24 | Acolyte |
| 4:45 | Tomb of Relics |
| 4:48 | Tomb of Relics |
| 4:52 | Tomb of Relics |
| 5:02 | Unholy Aura |
| 5:26 | Ziggurat |
| 5:28 | Ziggurat |
| 6:30 | Acolyte |
| 6:30 | Acolyte |
| 6:30 | Acolyte |
| 6:31 | Acolyte |
| 6:33 | Nerubian Tower |
| 7:33 | Black Citadel |
| 8:07 | Healing Salve |
| 8:07 | Lesser Clarity Potion |
| 9:08 | Slaughterhouse |
| 9:20 | Frost Nova |
| 9:25 | Circlet of Nobility |
| 9:54 | Orb of Corruption |
| 9:54 | Orb of Corruption |
| 10:39 | Death Coil |
| 11:13 | Goblin Zeppelin |
| 11:29 | Obsidian Statue |
| 11:29 | Obsidian Statue |
| 11:30 | Destroyer Form |
| 11:43 | Ziggurat |
| 11:44 | Ziggurat |
| 11:45 | Ziggurat |
| 12:21 | Boots of Speed |
| 12:32 | Staff of Sanctuary |
| 12:40 | Staff of Sanctuary |
| 12:41 | Staff of Sanctuary |
| 12:49 | Carrion Swarm |
| 13:14 | Nerubian Tower |
| 13:21 | Spirit Tower |
| 13:57 | Acolyte |
| 13:57 | Acolyte |
| 13:57 | Acolyte |
| 13:57 | Acolyte |
| 13:58 | Acolyte |
| 15:32 | Frost Armor |
| 16:20 | Staff of Teleportation |
| 16:20 | Boots of Speed |
| 16:20 | Circlet of Nobility |
| 16:20 | Periapt of Vitality |
| 16:26 | Healing Salve |
| 16:39 | Lesser Clarity Potion |
| 16:55 | Orb of Corruption |
| 16:57 | Staff of Sanctuary |
| 17:23 | Sleep |
| 18:26 | Unholy Aura |
| 19:00 | Ziggurat |
| 19:01 | Ziggurat |
| 19:02 | Ziggurat |
| 19:02 | Ziggurat |
| 19:06 | Ziggurat |
| 19:06 | Ziggurat |
| 19:07 | Ziggurat |
| 19:07 | Ziggurat |
| 19:08 | Ziggurat |
| 19:08 | Ziggurat |
| 19:09 | Ziggurat |
| 20:28 | Nerubian Tower |
| 20:29 | Spirit Tower |
| 21:36 | Frost Nova |
| 21:59 | Obsidian Statue |
| 22:07 | Ziggurat |
| 22:07 | Ziggurat |
| 22:08 | Ziggurat |
| Right click | 1793 |
| Select group | 910 |
| Select | 189 |
| Resource trade | 181 |
| Build/train/purchase | 126 |
| Use ability | 77 |
| Misc. action | 58 |
| Minimap ping | 35 |
| Assign group | 11 |
| Chat | 5 |
| Item give/drop | 2 |
| Esc | 1 |



| Staff of Sanctuary | 4 | 1000 |
| Potion of Mana | 3 | 600 |
| Scroll of Town Portal | 1 | 350 |
| Boots of Speed | 3 | 750 |
| Staff of Teleportation | 5 | 750 |
| Periapt of Vitality | 2 | 650 |
| Circlet of Nobility | 1 | 175 |
| Healing Salve | 1 | 100 |
| Orb of Corruption | 2 | 750 |
| total: | 22 | 5125g |
| Peasant | 13 | 975 | / | 0 |
| Priest | 1 | 135 | / | 10 |
| Dragonhawk Rider | 5 | 1000 | / | 150 |
| total: | 19 | 2110g | / | 160w |
| Scout Tower | 86 | 2580 | / | 1720 |
| Arcane Tower | 7 | 490 | / | 350 |
| Guard Tower | 56 | 3920 | / | 2800 |
| Altar of Kings | 1 | 180 | / | 50 |
| Farm | 7 | 560 | / | 140 |
| Lumber Mill | 1 | 120 | / | 0 |
| Arcane Vault | 3 | 390 | / | 90 |
| Blacksmith | 2 | 280 | / | 120 |
| Barracks | 2 | 320 | / | 120 |
| Arcane Sanctum | 1 | 150 | / | 140 |
| Gryphon Aviary | 2 | 280 | / | 300 |
| Keep | 1 | 320 | / | 210 |
| Castle | 1 | 360 | / | 210 |
| total: | 105 | 4860g | / | 2680w |
| 0:01 | Peasant |
| 0:01 | Peasant |
| 0:07 | Altar of Kings |
| 0:27 | Farm |
| 0:30 | Peasant |
| 0:50 | Lumber Mill |
| 0:51 | Peasant |
| 1:00 | Peasant |
| 1:12 | Peasant |
| 1:24 | Peasant |
| 1:31 | Peasant |
| 1:40 | Farm |
| 1:41 | Peasant |
| 1:54 | Scout Tower |
| 1:55 | Scout Tower |
| 2:04 | Scout Tower |
| 2:05 | Scout Tower |
| 2:05 | Scout Tower |
| 2:06 | Blizzard |
| 2:17 | Scout Tower |
| 2:18 | Scout Tower |
| 2:24 | Arcane Tower |
| 2:25 | Guard Tower |
| 2:27 | Scout Tower |
| 2:28 | Scout Tower |
| 2:31 | Scout Tower |
| 2:32 | Scout Tower |
| 2:39 | Peasant |
| 2:39 | Peasant |
| 2:39 | Peasant |
| 2:40 | Peasant |
| 3:01 | Guard Tower |
| 3:02 | Guard Tower |
| 3:03 | Scout Tower |
| 3:04 | Scout Tower |
| 3:29 | Guard Tower |
| 3:30 | Guard Tower |
| 3:32 | Scout Tower |
| 3:32 | Scout Tower |
| 3:48 | Keep |
| 3:54 | Farm |
| 3:55 | Farm |
| 3:56 | Improved Masonry |
| 4:04 | Guard Tower |
| 4:08 | Scout Tower |
| 4:09 | Scout Tower |
| 5:00 | Guard Tower |
| 5:02 | Scout Tower |
| 5:03 | Scout Tower |
| 5:55 | Scout Tower |
| 5:55 | Scout Tower |
| 5:57 | Scout Tower |
| 5:58 | Scout Tower |
| 5:58 | Scout Tower |
| 6:01 | Brilliance Aura |
| 6:07 | Scout Tower |
| 6:08 | Guard Tower |
| 6:14 | Scout Tower |
| 6:14 | Scout Tower |
| 6:15 | Scout Tower |
| 6:15 | Scout Tower |
| 6:16 | Scout Tower |
| 6:16 | Scout Tower |
| 6:21 | Castle |
| 6:32 | Scout Tower |
| 6:33 | Scout Tower |
| 6:34 | Scout Tower |
| 6:34 | Scout Tower |
| 6:35 | Scout Tower |
| 7:00 | Guard Tower |
| 7:01 | Guard Tower |
| 7:11 | Guard Tower |
| 7:18 | Storm Bolt |
| 7:35 | Guard Tower |
| 7:35 | Guard Tower |
| 7:39 | Scout Tower |
| 7:39 | Scout Tower |
| 7:40 | Scout Tower |
| 7:40 | Scout Tower |
| 7:40 | Scout Tower |
| 7:40 | Scout Tower |
| 7:47 | Healing Salve |
| 8:00 | Guard Tower |
| 8:01 | Guard Tower |
| 8:02 | Guard Tower |
| 9:05 | Boots of Speed |
| 9:07 | Boots of Speed |
| 9:15 | Arcane Sanctum |
| 9:17 | Farm |
| 9:18 | Farm |
| 9:33 | Scout Tower |
| 9:33 | Scout Tower |
| 9:34 | Scout Tower |
| 9:35 | Scout Tower |
| 9:48 | Guard Tower |
| 9:52 | Arcane Tower |
| 9:53 | Guard Tower |
| 10:08 | Arcane Vault |
| 10:17 | Arcane Tower |
| 10:41 | Guard Tower |
| 10:52 | Blizzard |
| 10:55 | Holy Light |
| 11:21 | Arcane Vault |
| 11:28 | Scout Tower |
| 11:28 | Scout Tower |
| 11:29 | Scout Tower |
| 11:29 | Scout Tower |
| 11:30 | Scout Tower |
| 11:30 | Scout Tower |
| 11:31 | Scout Tower |
| 11:32 | Arcane Tower |
| 11:34 | Magic Sentry |
| 11:38 | Advanced Masonry |
| 11:43 | Arcane Vault |
| 11:58 | Boots of Speed |
| 12:21 | Staff of Teleportation |
| 12:21 | Staff of Teleportation |
| 12:21 | Staff of Teleportation |
| 12:23 | Periapt of Vitality |
| 12:29 | Circlet of Nobility |
| 12:32 | Arcane Tower |
| 12:33 | Arcane Tower |
| 12:37 | Guard Tower |
| 12:43 | Scout Tower |
| 12:52 | Guard Tower |
| 13:01 | Scout Tower |
| 13:02 | Scout Tower |
| 13:02 | Scout Tower |
| 13:03 | Scout Tower |
| 13:03 | Scout Tower |
| 13:05 | Scout Tower |
| 13:06 | Scout Tower |
| 13:06 | Scout Tower |
| 13:07 | Scout Tower |
| 13:09 | Staff of Sanctuary |
| 13:09 | Staff of Sanctuary |
| 13:25 | Staff of Sanctuary |
| 13:29 | Arcane Tower |
| 13:42 | Guard Tower |
| 13:42 | Guard Tower |
| 13:47 | Scout Tower |
| 13:48 | Scout Tower |
| 13:48 | Bash |
| 14:04 | Staff of Sanctuary |
| 14:08 | Guard Tower |
| 14:23 | Guard Tower |
| 14:58 | Guard Tower |
| 15:00 | Priest |
| 15:01 | Imbued Masonry |
| 15:40 | Gryphon Aviary |
| 15:41 | Gryphon Aviary |
| 15:45 | Orb of Corruption |
| 17:20 | Dragonhawk Rider |
| 17:20 | Dragonhawk Rider |
| 17:21 | Blacksmith |
| 17:23 | Barracks |
| 17:23 | Guard Tower |
| 17:25 | Guard Tower |
| 17:48 | Priest Adept Training |
| 17:49 | Scout Tower |
| 17:50 | Scout Tower |
| 17:50 | Scout Tower |
| 17:50 | Scout Tower |
| 17:51 | Scout Tower |
| 17:52 | Scout Tower |
| 18:15 | Potion of Mana |
| 18:15 | Potion of Mana |
| 18:18 | Potion of Mana |
| 18:28 | Scout Tower |
| 18:28 | Scout Tower |
| 18:28 | Scout Tower |
| 18:29 | Scout Tower |
| 18:29 | Scout Tower |
| 18:30 | Scout Tower |
| 18:36 | Staff of Teleportation |
| 18:40 | Periapt of Vitality |
| 18:45 | Guard Tower |
| 18:45 | Guard Tower |
| 18:47 | Dragonhawk Rider |
| 18:47 | Dragonhawk Rider |
| 18:49 | Farm |
| 18:51 | Guard Tower |
| 19:01 | Guard Tower |
| 19:19 | Guard Tower |
| 19:27 | Blacksmith |
| 19:28 | Barracks |
| 19:30 | Cloud |
| 19:30 | Guard Tower |
| 19:38 | Guard Tower |
| 19:44 | Scout Tower |
| 19:44 | Scout Tower |
| 19:45 | Scout Tower |
| 19:45 | Scout Tower |
| 19:46 | Scout Tower |
| 20:20 | Dragonhawk Rider |
| 20:21 | Guard Tower |
| 20:39 | Staff of Teleportation |
| 20:43 | Orb of Corruption |
| 20:45 | Guard Tower |
| 21:12 | Scroll of Town Portal |
| 21:16 | Guard Tower |
| 21:19 | Scout Tower |
| 21:19 | Scout Tower |
| 21:20 | Scout Tower |
| 21:20 | Scout Tower |
| 21:58 | Guard Tower |
| 22:28 | Animal War Training |
| 22:30 | Iron Forged Swords |
| 22:30 | Studded Leather Armor |
| 22:31 | Guard Tower |
| 22:33 | Guard Tower |
| Right click | 2038 |
| Select | 555 |
| Build/train/purchase | 486 |
| Select group | 398 |
| Use ability | 68 |
| Chat | 42 |
| Assign group | 23 |
| Misc. action | 9 |
| Item give/drop | 7 |
| Minimap ping | 3 |
| Remove unit | 1 |


| Healing Salve | 3 | 300 |
| Orb of Lightning | 1 | 375 |
| Staff of Teleportation | 4 | 600 |
| Boots of Speed | 1 | 250 |
| Orb of Corruption | 1 | 375 |
| total: | 10 | 1900g |
| Peon | 16 | 1200 | / | 0 |
| Troll Batrider | 10 | 1600 | / | 400 |
| total: | 26 | 2800g | / | 400w |
| Watch Tower | 20 | 2200 | / | 1600 |
| Altar of Storms | 2 | 360 | / | 100 |
| Orc Burrow | 11 | 1760 | / | 440 |
| War Mill | 2 | 410 | / | 0 |
| Voodoo Lounge | 2 | 260 | / | 60 |
| Great Hall | 1 | 385 | / | 185 |
| Beastiary | 4 | 580 | / | 560 |
| Stronghold | 1 | 315 | / | 190 |
| Fortress | 1 | 325 | / | 190 |
| total: | 42 | 5955g | / | 2945w |
| 0:01 | Peon |
| 0:04 | Altar of Storms |
| 0:08 | Peon |
| 0:16 | Orc Burrow |
| 0:19 | Peon |
| 0:37 | Peon |
| 0:48 | War Mill |
| 0:52 | Peon |
| 0:52 | Peon |
| 1:11 | Peon |
| 1:31 | Peon |
| 1:37 | Peon |
| 1:56 | Peon |
| 2:10 | Watch Tower |
| 2:11 | Watch Tower |
| 2:12 | Peon |
| 2:16 | Orc Burrow |
| 2:26 | Watch Tower |
| 2:38 | Wind Walk |
| 3:11 | Watch Tower |
| 3:48 | Voodoo Lounge |
| 3:51 | Voodoo Lounge |
| 3:53 | Peon |
| 3:53 | Peon |
| 4:10 | Stronghold |
| 4:30 | Watch Tower |
| 4:36 | Watch Tower |
| 4:45 | Steel Ranged Weapons |
| 5:02 | Watch Tower |
| 5:07 | Watch Tower |
| 5:43 | Critical Strike |
| 5:57 | Healing Salve |
| 6:22 | Watch Tower |
| 6:33 | Fortress |
| 6:34 | Beastiary |
| 6:36 | Beastiary |
| 6:37 | Orc Burrow |
| 7:37 | Orc Burrow |
| 7:42 | Troll Batrider |
| 7:44 | Watch Tower |
| 7:55 | Watch Tower |
| 7:58 | Watch Tower |
| 7:59 | Watch Tower |
| 8:00 | Reinforced Defenses |
| 8:06 | Watch Tower |
| 8:41 | Staff of Teleportation |
| 9:03 | Wind Walk |
| 9:07 | Watch Tower |
| 9:07 | Watch Tower |
| 9:12 | Peon |
| 9:12 | Peon |
| 9:19 | Liquid Fire |
| 9:19 | Troll Batrider |
| 9:47 | Spiked Barricades |
| 9:59 | Watch Tower |
| 10:00 | Watch Tower |
| 10:32 | Watch Tower |
| 11:46 | Thorium Ranged Weapons |
| 11:46 | Improved Spiked Barricades |
| 12:04 | Troll Batrider |
| 12:06 | Steel Armor |
| 12:07 | Peon |
| 12:13 | War Mill |
| 12:20 | Orb of Corruption |
| 12:26 | Hex |
| 12:32 | Healing Salve |
| 12:45 | Orb of Lightning |
| 12:55 | Watch Tower |
| 13:03 | Boots of Speed |
| 13:10 | Staff of Teleportation |
| 13:10 | Staff of Teleportation |
| 13:10 | Staff of Teleportation |
| 13:30 | Troll Batrider |
| 16:08 | Troll Batrider |
| 16:23 | Beastiary |
| 16:27 | Beastiary |
| 16:38 | Altar of Storms |
| 17:34 | Orc Burrow |
| 17:35 | Orc Burrow |
| 17:36 | Orc Burrow |
| 17:37 | Orc Burrow |
| 17:39 | Orc Burrow |
| 18:19 | Orc Burrow |
| 18:21 | Orc Burrow |
| 18:43 | Troll Batrider |
| 19:28 | Great Hall |
| 19:31 | Troll Batrider |
| 19:32 | Troll Batrider |
| 19:59 | Troll Batrider |
| 20:03 | Troll Batrider |
| 21:34 | Critical Strike |
| 22:06 | Healing Wave |
| 22:20 | Healing Salve |
| Right click | 1671 |
| Select | 551 |
| Select group | 351 |
| Assign group | 264 |
| Build/train/purchase | 114 |
| Use ability | 72 |
| Misc. action | 12 |
| Minimap ping | 8 |
| Item give/drop | 3 |
| Remove unit | 2 |



| Staff of Sanctuary | 3 | 750 |
| Boots of Speed | 3 | 750 |
| Staff of Teleportation | 3 | 450 |
| Circlet of Nobility | 1 | 175 |
| Healing Salve | 5 | 500 |
| Orb of Corruption | 3 | 1125 |
| total: | 18 | 3750g |
| Peasant | 25 | 1875 | / | 0 |
| Priest | 3 | 405 | / | 30 |
| total: | 28 | 2280g | / | 30w |
| Scout Tower | 65 | 1950 | / | 1300 |
| Arcane Tower | 6 | 420 | / | 300 |
| Guard Tower | 39 | 2730 | / | 1950 |
| Altar of Kings | 1 | 180 | / | 50 |
| Lumber Mill | 1 | 120 | / | 0 |
| Farm | 3 | 240 | / | 60 |
| Town Hall | 1 | 385 | / | 205 |
| Arcane Vault | 3 | 390 | / | 90 |
| Arcane Sanctum | 1 | 150 | / | 140 |
| Keep | 1 | 320 | / | 210 |
| Castle | 1 | 360 | / | 210 |
| total: | 75 | 3415g | / | 1845w |
| 0:05 | Altar of Kings |
| 0:05 | Peasant |
| 0:19 | Peasant |
| 0:24 | Lumber Mill |
| 0:25 | Peasant |
| 0:27 | Farm |
| 0:32 | Peasant |
| 0:46 | Peasant |
| 0:56 | Peasant |
| 1:07 | Scout Tower |
| 1:09 | Peasant |
| 1:16 | Farm |
| 1:27 | Peasant |
| 1:33 | Arcane Tower |
| 1:35 | Scout Tower |
| 1:40 | Peasant |
| 1:52 | Improved Masonry |
| 1:52 | Advanced Masonry |
| 2:05 | Scout Tower |
| 2:05 | Guard Tower |
| 2:17 | Blizzard |
| 2:22 | Peasant |
| 2:22 | Peasant |
| 2:28 | Scout Tower |
| 2:33 | Guard Tower |
| 2:37 | Peasant |
| 3:12 | Peasant |
| 3:12 | Peasant |
| 3:37 | Peasant |
| 3:42 | Scout Tower |
| 3:43 | Scout Tower |
| 3:43 | Scout Tower |
| 3:49 | Boots of Speed |
| 4:03 | Keep |
| 4:05 | Guard Tower |
| 4:08 | Scout Tower |
| 4:12 | Scout Tower |
| 4:13 | Scout Tower |
| 4:22 | Brilliance Aura |
| 4:40 | Guard Tower |
| 4:54 | Guard Tower |
| 4:56 | Guard Tower |
| 5:14 | Farm |
| 5:15 | Scout Tower |
| 5:28 | Guard Tower |
| 5:30 | Guard Tower |
| 5:31 | Scout Tower |
| 5:38 | Scout Tower |
| 5:38 | Scout Tower |
| 5:46 | Healing Salve |
| 6:05 | Guard Tower |
| 6:06 | Scout Tower |
| 6:07 | Scout Tower |
| 6:15 | Guard Tower |
| 6:20 | Arcane Tower |
| 6:22 | Scout Tower |
| 6:40 | Guard Tower |
| 6:53 | Scout Tower |
| 6:58 | Guard Tower |
| 6:59 | Imbued Masonry |
| 7:00 | Improved Lumber Harvesting |
| 7:13 | Staff of Teleportation |
| 7:21 | Guard Tower |
| 7:27 | Scout Tower |
| 7:28 | Guard Tower |
| 7:58 | Flame Strike |
| 8:07 | Town Hall |
| 8:10 | Scout Tower |
| 8:12 | Scout Tower |
| 8:28 | Guard Tower |
| 8:37 | Peasant |
| 8:58 | Guard Tower |
| 8:59 | Guard Tower |
| 9:01 | Scout Tower |
| 9:02 | Scout Tower |
| 9:03 | Scout Tower |
| 9:04 | Scout Tower |
| 9:27 | Blizzard |
| 9:37 | Castle |
| 9:38 | Guard Tower |
| 9:46 | Peasant |
| 9:46 | Peasant |
| 9:47 | Peasant |
| 9:48 | Scout Tower |
| 9:49 | Scout Tower |
| 9:56 | Arcane Vault |
| 9:57 | Arcane Vault |
| 10:06 | Arcane Tower |
| 10:15 | Boots of Speed |
| 10:19 | Staff of Teleportation |
| 10:38 | Peasant |
| 10:39 | Guard Tower |
| 11:09 | Guard Tower |
| 11:11 | Scout Tower |
| 11:13 | Scout Tower |
| 11:17 | Scout Tower |
| 11:20 | Healing Salve |
| 11:29 | Arcane Sanctum |
| 11:32 | Scout Tower |
| 11:34 | Scout Tower |
| 11:39 | Guard Tower |
| 11:42 | Peasant |
| 11:47 | Peasant |
| 12:04 | Siphon Mana |
| 12:12 | Guard Tower |
| 12:16 | Guard Tower |
| 12:23 | Breath of Fire |
| 12:31 | Peasant |
| 12:32 | Guard Tower |
| 12:33 | Advanced Lumber Harvesting |
| 12:34 | Scout Tower |
| 12:35 | Scout Tower |
| 12:38 | Arcane Vault |
| 12:47 | Staff of Sanctuary |
| 12:57 | Orb of Corruption |
| 13:08 | Guard Tower |
| 13:09 | Magic Sentry |
| 13:10 | Priest Adept Training |
| 13:10 | Priest |
| 13:10 | Guard Tower |
| 13:24 | Scout Tower |
| 13:25 | Scout Tower |
| 13:27 | Scout Tower |
| 13:28 | Scout Tower |
| 13:31 | Boots of Speed |
| 13:36 | Guard Tower |
| 14:17 | Guard Tower |
| 14:28 | Scout Tower |
| 14:31 | Healing Salve |
| 14:36 | Staff of Sanctuary |
| 14:45 | Orb of Corruption |
| 14:52 | Scout Tower |
| 14:53 | Scout Tower |
| 14:57 | Scout Tower |
| 15:33 | Scout Tower |
| 15:33 | Scout Tower |
| 15:38 | Healing Salve |
| 15:45 | Guard Tower |
| 15:46 | Scout Tower |
| 15:47 | Scout Tower |
| 15:50 | Peasant |
| 15:50 | Peasant |
| 15:55 | Scout Tower |
| 16:05 | Staff of Sanctuary |
| 16:28 | Staff of Teleportation |
| 16:29 | Circlet of Nobility |
| 16:47 | Guard Tower |
| 16:56 | Scout Tower |
| 16:58 | Scout Tower |
| 16:58 | Scout Tower |
| 17:03 | Priest |
| 17:05 | Guard Tower |
| 17:07 | Scout Tower |
| 17:08 | Scout Tower |
| 17:10 | Scout Tower |
| 17:12 | Scout Tower |
| 17:12 | Scout Tower |
| 17:15 | Scout Tower |
| 17:28 | Guard Tower |
| 17:43 | Guard Tower |
| 17:49 | Orb of Corruption |
| 17:57 | Arcane Tower |
| 18:08 | Guard Tower |
| 18:33 | Guard Tower |
| 18:36 | Arcane Tower |
| 18:37 | Guard Tower |
| 18:40 | Guard Tower |
| 19:48 | Scout Tower |
| 19:50 | Scout Tower |
| 19:51 | Scout Tower |
| 19:52 | Scout Tower |
| 19:52 | Scout Tower |
| 20:41 | Priest |
| 21:00 | Healing Salve |
| 21:22 | Drunken Haze |
| 21:25 | Flame Strike |
| 21:29 | Scout Tower |
| 21:30 | Scout Tower |
| 21:31 | Scout Tower |
| 21:32 | Scout Tower |
| Right click | 1646 |
| Select group | 805 |
| Select | 379 |
| Assign group | 329 |
| Build/train/purchase | 149 |
| Use ability | 85 |
| Chat | 36 |
| Misc. action | 13 |
| Resource trade | 13 |
| Item give/drop | 11 |
| Minimap ping | 1 |
151 units @ 22.3k
/ 3.8k
87 buildings @ 11.8k
/ 5.2k

| Orb of Corruption | 1 | 375 |
| Rod of Necromancy | 2 | 300 |
| Potion of Healing | 1 | 150 |
| Scroll of Town Portal | 2 | 700 |
| total: | 6 | 1525g |
| Acolyte | 11 | 825 | / | 0 |
| Ghoul | 4 | 480 | / | 0 |
| Crypt Fiend | 6 | 1290 | / | 240 |
| Frost Wyrm | 6 | 2310 | / | 720 |
| Goblin Shredder | 1 | 375 | / | 100 |
| total: | 28 | 5280g | / | 1060w |
| Nerubian Tower | 3 | 300 | / | 60 |
| Spirit Tower | 7 | 1015 | / | 280 |
| Ziggurat | 13 | 1950 | / | 650 |
| Crypt | 1 | 200 | / | 50 |
| Altar of Darkness | 1 | 180 | / | 50 |
| Graveyard | 1 | 215 | / | 0 |
| Tomb of Relics | 1 | 130 | / | 30 |
| Sacrificial Pit | 1 | 75 | / | 150 |
| Boneyard | 2 | 350 | / | 400 |
| Halls of the Dead | 1 | 320 | / | 210 |
| Black Citadel | 1 | 325 | / | 230 |
| total: | 20 | 3100g | / | 1330w |
| 0:05 | Acolyte |
| 0:06 | Acolyte |
| 0:06 | Acolyte |
| 0:11 | Ziggurat |
| 0:12 | Ziggurat |
| 0:23 | Crypt |
| 0:48 | Altar of Darkness |
| 1:08 | Graveyard |
| 1:26 | Ziggurat |
| 1:34 | Ghoul |
| 1:46 | Ghoul |
| 2:02 | Ghoul |
| 2:12 | Ghoul |
| 2:26 | Ziggurat |
| 2:46 | Crypt Fiend |
| 2:57 | Carrion Beetles |
| 3:12 | Crypt Fiend |
| 3:30 | Creature Attack |
| 3:45 | Creature Carapace |
| 3:58 | Crypt Fiend |
| 4:51 | Halls of the Dead |
| 4:58 | Spiked Carapace |
| 5:10 | Crypt Fiend |
| 5:10 | Crypt Fiend |
| 5:24 | Ziggurat |
| 5:47 | Tomb of Relics |
| 6:51 | Carrion Beetles |
| 7:39 | Acolyte |
| 7:40 | Acolyte |
| 7:40 | Acolyte |
| 7:40 | Acolyte |
| 7:53 | Burrow |
| 7:55 | Web |
| 8:01 | Improved Creature Attack |
| 8:01 | Improved Creature Carapace |
| 8:30 | Nerubian Tower |
| 8:43 | Black Citadel |
| 9:23 | Sacrificial Pit |
| 9:46 | Crypt Fiend |
| 9:54 | Ziggurat |
| 9:59 | Ziggurat |
| 10:00 | Ziggurat |
| 10:06 | Ziggurat |
| 10:09 | Ziggurat |
| 10:10 | Ziggurat |
| 10:56 | Nerubian Tower |
| 10:57 | Spirit Tower |
| 10:59 | Spirit Tower |
| 11:25 | Ghoul Frenzy |
| 11:39 | Goblin Shredder |
| 12:26 | Spirit Tower |
| 12:30 | Orb of Corruption |
| 12:31 | Rod of Necromancy |
| 12:40 | Spirit Tower |
| 12:50 | Boneyard |
| 12:51 | Boneyard |
| 13:06 | Advanced Creature Attack |
| 14:21 | Freezing Breath |
| 14:23 | Frost Wyrm |
| 14:23 | Frost Wyrm |
| 14:24 | Frost Wyrm |
| 14:45 | Frost Wyrm |
| 15:31 | Scroll of Town Portal |
| 15:36 | Potion of Healing |
| 15:39 | Rod of Necromancy |
| 15:45 | Frost Wyrm |
| 15:51 | Advanced Creature Carapace |
| 16:07 | Spirit Tower |
| 17:36 | Ziggurat |
| 17:38 | Ziggurat |
| 19:00 | Scroll of Town Portal |
| 19:07 | Nerubian Tower |
| 19:08 | Spirit Tower |
| 20:32 | Acolyte |
| 20:32 | Acolyte |
| 20:32 | Acolyte |
| 20:33 | Acolyte |
| 21:24 | Frost Wyrm |
| Right click | 365 |
| Select group | 315 |
| Select | 213 |
| Build/train/purchase | 75 |
| Assign group | 21 |
| Misc. action | 18 |
| Use ability | 8 |
| Chat | 7 |
| Resource trade | 6 |
| Remove unit | 2 |
| Item give/drop | 1 |
| Minimap ping | 1 |



| Scroll of Regeneration | 4 | 400 |
| Lesser Clarity Potion | 1 | 70 |
| Orb of Fire | 1 | 325 |
| Staff of Sanctuary | 1 | 250 |
| Scroll of Town Portal | 2 | 700 |
| Boots of Speed | 1 | 250 |
| Staff of Teleportation | 1 | 150 |
| total: | 11 | 2145g |
| Peasant | 16 | 1200 | / | 0 |
| Footman | 4 | 540 | / | 0 |
| Dragonhawk Rider | 6 | 1200 | / | 180 |
| Gryphon Rider | 4 | 1120 | / | 280 |
| Goblin Shredder | 1 | 375 | / | 100 |
| Goblin Zeppelin | 1 | 240 | / | 60 |
| total: | 32 | 4675g | / | 620w |
| Scout Tower | 1 | 30 | / | 20 |
| Arcane Tower | 2 | 140 | / | 100 |
| Altar of Kings | 1 | 180 | / | 50 |
| Farm | 13 | 1040 | / | 260 |
| Barracks | 1 | 160 | / | 60 |
| Arcane Vault | 1 | 130 | / | 30 |
| Town Hall | 1 | 385 | / | 205 |
| Lumber Mill | 1 | 120 | / | 0 |
| Blacksmith | 1 | 140 | / | 60 |
| Gryphon Aviary | 4 | 560 | / | 600 |
| Keep | 2 | 640 | / | 420 |
| Castle | 1 | 360 | / | 210 |
| total: | 24 | 2745g | / | 1285w |
| 0:03 | Peasant |
| 0:03 | Peasant |
| 0:07 | Altar of Kings |
| 0:13 | Farm |
| 0:27 | Peasant |
| 0:35 | Barracks |
| 0:38 | Peasant |
| 0:45 | Farm |
| 0:55 | Peasant |
| 1:06 | Peasant |
| 1:16 | Peasant |
| 1:26 | Farm |
| 1:30 | Farm |
| 1:32 | Farm |
| 1:36 | Footman |
| 1:42 | Scout Tower |
| 1:50 | Footman |
| 1:54 | Peasant |
| 2:09 | Peasant |
| 2:11 | Arcane Tower |
| 2:14 | Flame Strike |
| 2:32 | Footman |
| 3:54 | Arcane Vault |
| 4:03 | Peasant |
| 4:03 | Peasant |
| 4:13 | Peasant |
| 4:22 | Peasant |
| 5:01 | Siphon Mana |
| 5:04 | Farm |
| 5:13 | Town Hall |
| 5:15 | Farm |
| 5:17 | Farm |
| 5:29 | Scroll of Regeneration |
| 5:45 | Farm |
| 5:51 | Footman |
| 6:17 | Defend |
| 6:52 | Keep |
| 7:08 | Lumber Mill |
| 7:59 | Goblin Shredder |
| 8:04 | Peasant |
| 8:04 | Peasant |
| 8:04 | Peasant |
| 8:40 | Farm |
| 8:49 | Goblin Zeppelin |
| 8:57 | Blacksmith |
| 9:14 | Scroll of Regeneration |
| 9:16 | Scroll of Town Portal |
| 9:18 | Castle |
| 9:21 | Gryphon Aviary |
| 9:25 | Gryphon Aviary |
| 9:27 | Gryphon Aviary |
| 10:05 | Gryphon Aviary |
| 10:12 | Iron Forged Swords |
| 10:15 | Farm |
| 11:01 | Boots of Speed |
| 11:02 | Staff of Teleportation |
| 11:09 | Dragonhawk Rider |
| 11:52 | Gryphon Rider |
| 11:54 | Animal War Training |
| 11:56 | Studded Leather Armor |
| 11:56 | Steel Forged Swords |
| 11:58 | Farm |
| 12:17 | Gryphon Rider |
| 12:24 | Scroll of Regeneration |
| 12:28 | Lesser Clarity Potion |
| 13:14 | Storm Hammers |
| 13:14 | Cloud |
| 13:16 | Flame Strike |
| 13:24 | Gryphon Rider |
| 14:09 | Dragonhawk Rider |
| 14:26 | Dragonhawk Rider |
| 14:34 | Storm Bolt |
| 14:50 | Dragonhawk Rider |
| 15:13 | Reinforced Leather Armor |
| 16:13 | Bash |
| 16:58 | Dragonhawk Rider |
| 17:57 | Gryphon Rider |
| 18:20 | Mithril Forged Swords |
| 18:20 | Dragonhide Armor |
| 18:59 | Scroll of Regeneration |
| 19:09 | Orb of Fire |
| 19:12 | Scroll of Town Portal |
| 19:13 | Staff of Sanctuary |
| 19:28 | Farm |
| 20:22 | Siphon Mana |
| 21:28 | Holy Light |
| 22:19 | Dragonhawk Rider |
| Right click | 1475 |
| Select | 489 |
| Select group | 319 |
| Build/train/purchase | 91 |
| Use ability | 67 |
| Chat | 64 |
| Assign group | 41 |
| Minimap ping | 7 |
| Item give/drop | 5 |
| Resource trade | 5 |
| Remove unit | 3 |
| Misc. action | 2 |

| Lesser Clarity Potion | 1 | 70 |
| Potion of Mana | 1 | 200 |
| total: | 2 | 270g |
| Peon | 19 | 1425 | / | 0 |
| Troll Headhunter | 11 | 1540 | / | 220 |
| Demolisher | 7 | 1540 | / | 350 |
| Troll Berserker | 6 | 840 | / | 120 |
| Shaman | 6 | 780 | / | 120 |
| Troll Witch Doctor | 6 | 870 | / | 150 |
| Goblin Shredder | 1 | 375 | / | 100 |
| Goblin Zeppelin | 1 | 240 | / | 60 |
| Forest Troll Shadow Priest | 2 | 390 | / | 20 |
| total: | 59 | 8000g | / | 1140w |
| Orc Burrow | 8 | 1280 | / | 320 |
| Altar of Storms | 1 | 180 | / | 50 |
| War Mill | 2 | 410 | / | 0 |
| Barracks | 2 | 360 | / | 100 |
| Voodoo Lounge | 1 | 130 | / | 30 |
| Great Hall | 1 | 385 | / | 185 |
| Spirit Lodge | 2 | 300 | / | 300 |
| Stronghold | 2 | 630 | / | 380 |
| Fortress | 1 | 325 | / | 190 |
| total: | 17 | 3045g | / | 985w |
| 0:03 | Peon |
| 0:03 | Peon |
| 0:11 | Orc Burrow |
| 0:16 | Altar of Storms |
| 0:21 | Peon |
| 0:32 | Peon |
| 0:45 | Peon |
| 1:04 | War Mill |
| 1:09 | Peon |
| 1:46 | Peon |
| 1:51 | Peon |
| 1:58 | Barracks |
| 2:03 | Peon |
| 2:10 | Orc Burrow |
| 2:20 | War Stomp |
| 2:25 | Peon |
| 2:38 | Voodoo Lounge |
| 2:51 | War Mill |
| 2:55 | Peon |
| 3:12 | Troll Headhunter |
| 3:23 | Troll Headhunter |
| 3:36 | Troll Headhunter |
| 3:50 | Steel Ranged Weapons |
| 4:06 | Spiked Barricades |
| 4:09 | Troll Headhunter |
| 4:34 | Troll Headhunter |
| 5:11 | Orc Burrow |
| 5:22 | Orc Burrow |
| 5:26 | Steel Armor |
| 5:39 | Stronghold |
| 6:13 | Endurance Aura |
| 6:17 | Forest Troll Shadow Priest |
| 6:35 | Troll Headhunter |
| 6:49 | Orc Burrow |
| 7:14 | Orc Burrow |
| 7:17 | Goblin Shredder |
| 7:46 | Barracks |
| 8:22 | Troll Regeneration |
| 8:27 | War Stomp |
| 8:50 | Great Hall |
| 9:02 | Forest Troll Shadow Priest |
| 9:06 | Troll Headhunter |
| 9:22 | Demolisher |
| 9:31 | Demolisher |
| 11:17 | Demolisher |
| 11:21 | Fortress |
| 11:28 | Peon |
| 11:28 | Peon |
| 11:28 | Peon |
| 12:18 | Demolisher |
| 12:19 | Demolisher |
| 12:26 | Reinforced Defenses |
| 12:29 | Thorium Ranged Weapons |
| 12:53 | Peon |
| 12:54 | Peon |
| 13:23 | Demolisher |
| 13:24 | Demolisher |
| 13:32 | Improved Spiked Barricades |
| 13:39 | Spirit Lodge |
| 13:42 | Spirit Lodge |
| 14:54 | Berserker Upgrade |
| 14:56 | Troll Headhunter |
| 14:56 | Troll Headhunter |
| 14:57 | Troll Headhunter |
| 14:58 | Troll Headhunter |
| 15:00 | Shaman Adept Training |
| 15:00 | Witch Doctor Adept Training |
| 15:03 | Orc Burrow |
| 15:06 | Orc Burrow |
| 15:14 | Goblin Zeppelin |
| 15:52 | Troll Berserker |
| 15:52 | Troll Berserker |
| 15:53 | Troll Berserker |
| 15:57 | Arcanite Ranged Weapons |
| 16:02 | Shaman Master Training |
| 16:03 | Witch Doctor Master Training |
| 17:03 | Troll Berserker |
| 17:10 | Shaman |
| 17:10 | Shaman |
| 17:11 | Shaman |
| 17:11 | Shaman |
| 17:13 | Troll Witch Doctor |
| 17:13 | Troll Witch Doctor |
| 17:13 | Troll Witch Doctor |
| 17:13 | Troll Witch Doctor |
| 17:13 | Troll Witch Doctor |
| 17:36 | Burning Oil |
| 18:42 | Troll Witch Doctor |
| 18:43 | Shaman |
| 18:44 | Shaman |
| 19:05 | Lesser Clarity Potion |
| 19:07 | Potion of Mana |
| 19:15 | Peon |
| 19:15 | Peon |
| 19:15 | Peon |
| 19:50 | Troll Berserker |
| 19:52 | Troll Berserker |
| Right click | 633 |
| Select | 467 |
| Misc. action | 210 |
| Select group | 152 |
| Build/train/purchase | 95 |
| Assign group | 72 |
| Resource trade | 33 |
| Use ability | 28 |
| Minimap ping | 2 |
| Remove unit | 1 |


| Scroll of Regeneration | 4 | 400 |
| Lesser Clarity Potion | 5 | 350 |
| Potion of Healing | 2 | 300 |
| total: | 11 | 1050g |
| Peasant | 10 | 750 | / | 0 |
| Footman | 7 | 945 | / | 0 |
| Flying Machine | 1 | 100 | / | 30 |
| Mortar Team | 11 | 1980 | / | 770 |
| Priest | 1 | 135 | / | 10 |
| Siege Engine | 2 | 390 | / | 120 |
| total: | 32 | 4300g | / | 930w |
| Scout Tower | 2 | 60 | / | 40 |
| Arcane Tower | 4 | 280 | / | 200 |
| Altar of Kings | 1 | 180 | / | 50 |
| Barracks | 2 | 320 | / | 120 |
| Farm | 10 | 800 | / | 200 |
| Arcane Vault | 1 | 130 | / | 30 |
| Lumber Mill | 1 | 120 | / | 0 |
| Blacksmith | 1 | 140 | / | 60 |
| Arcane Sanctum | 2 | 300 | / | 280 |
| Workshop | 6 | 840 | / | 840 |
| Keep | 1 | 320 | / | 210 |
| Castle | 1 | 360 | / | 210 |
| total: | 26 | 2890g | / | 1620w |
| 0:03 | Peasant |
| 0:04 | Peasant |
| 0:09 | Altar of Kings |
| 0:12 | Barracks |
| 0:18 | Barracks |
| 0:19 | Farm |
| 0:32 | Peasant |
| 0:45 | Farm |
| 0:53 | Peasant |
| 1:08 | Peasant |
| 1:18 | Footman |
| 1:30 | Farm |
| 1:33 | Peasant |
| 1:45 | Footman |
| 1:45 | Footman |
| 2:03 | Footman |
| 2:13 | Arcane Vault |
| 2:18 | Summon Water Elemental |
| 2:24 | Peasant |
| 2:36 | Footman |
| 2:42 | Farm |
| 3:01 | Lumber Mill |
| 3:06 | Scout Tower |
| 3:09 | Peasant |
| 3:20 | Footman |
| 3:35 | Arcane Tower |
| 4:01 | Keep |
| 4:05 | Farm |
| 4:17 | Blacksmith |
| 4:22 | Brilliance Aura |
| 4:22 | Brilliance Aura |
| 4:40 | Scroll of Regeneration |
| 4:45 | Scroll of Regeneration |
| 6:20 | Footman |
| 6:25 | Summon Water Elemental |
| 6:33 | Farm |
| 6:35 | Arcane Sanctum |
| 6:38 | Workshop |
| 7:27 | Storm Bolt |
| 7:41 | Arcane Sanctum |
| 7:46 | Peasant |
| 7:47 | Peasant |
| 8:07 | Lesser Clarity Potion |
| 8:07 | Lesser Clarity Potion |
| 8:08 | Potion of Healing |
| 8:08 | Scroll of Regeneration |
| 8:17 | Flak Cannons |
| 8:18 | Flying Machine |
| 8:22 | Farm |
| 8:26 | Scout Tower |
| 8:49 | Workshop |
| 8:50 | Black Gunpowder |
| 8:50 | Refined Gunpowder |
| 8:55 | Arcane Tower |
| 8:58 | Farm |
| 9:05 | Mortar Team |
| 9:07 | Priest Adept Training |
| 9:07 | Priest Master Training |
| 9:13 | Lesser Clarity Potion |
| 9:13 | Lesser Clarity Potion |
| 9:36 | Improved Masonry |
| 9:36 | Advanced Masonry |
| 9:53 | Mortar Team |
| 9:54 | Mortar Team |
| 10:15 | Priest |
| 10:30 | Imbued Gunpowder |
| 10:41 | Mortar Team |
| 11:24 | Mortar Team |
| 12:30 | Mortar Team |
| 12:34 | Farm |
| 12:38 | Flare |
| 13:12 | Farm |
| 13:14 | Mortar Team |
| 13:35 | Mortar Team |
| 14:12 | Mortar Team |
| 15:38 | Mortar Team |
| 18:25 | Mortar Team |
| 18:46 | Potion of Healing |
| 18:47 | Lesser Clarity Potion |
| 18:47 | Scroll of Regeneration |
| 18:56 | Castle |
| 19:05 | Workshop |
| 19:07 | Workshop |
| 19:42 | Workshop |
| 19:49 | Workshop |
| 21:23 | Barrage |
| 21:25 | Siege Engine |
| 22:13 | Siege Engine |
| Right click | 1064 |
| Select group | 533 |
| Select | 432 |
| Misc. action | 168 |
| Build/train/purchase | 122 |
| Assign group | 42 |
| Use ability | 36 |
| Esc | 6 |
| Item give/drop | 4 |
| Remove unit | 1 |
| Minimap ping | 1 |
⇛